Unix NetHack Version 3.7.0-62 Work-in-progress - last build Jul 28 2022 13:16:13 (fa1900a510e1234d4e439e3ee6f0a2b6b261bf5e,branch:master). Game began 2022-08-01 00:05:50, ended 2022-08-01 12:30:26. Moult, chaotic male elven Ranger ----------- ---- |.........| -------->.-- |.........| |........0.| |.........| |.-.-----..| |.a..<....| |.00|...|..| |@a.......| |-...0.....| |d........| |..|.......| |.%.......| |.--..----.| |.........| --.|........| |.------------.....-.---.| |................-...|...| ----------------.........| |..|..----- ------- Moult the Lookout St:15 Dx:12 Co:15 In:13 Wi:14 Ch:7 Chaotic S:616 Dlvl:5 $:122 HP:0(24) Pw:13(13) AC:2 Xp:3/46 T:4178 Latest messages: There is a broken door here. Something is written here in the dust. You read: "Elbereth". What do you want to write with? [- a-dghjmoyADFHI or ?*] - You write in the dust with your fingertip. Something is written here in the dust. You read: "-lberet~". You see no objects here. What do you want to write with? [- a-dghjmoyADFHI or ?*] - Do you want to add to the current engraving? n You wipe out the message that was written in the dust here. You write in the dust with your fingertip. Something is written here in the dust. You read: "Elbereth". You see no objects here. What do you want to eat? [fC or ?*] C This food really hits the spot! You finish eating the food ration. The killer bee turns to flee. The killer bee turns to flee. Sirius misses the killer bee. The killer bee just misses! You stop searching. Something is written here in the dust. You read: "Elberc?h". You see no objects here. What do you want to write with? [- a-dghjmoyADFHI or ?*] - Do you want to add to the current engraving? n You wipe out the message that was written in the dust here. You write in the dust with your fingertip. The killer bee stings! The killer bee's sting was poisoned! Sirius bites the killer bee. Something is written here in the dust. You read: "Elber.th". You see no objects here. What do you want to write with? [- a-dghjmoyADFHI or ?*] - Do you want to add to the current engraving? n You wipe out the message that was written in the dust here. You write in the dust with your fingertip. The killer bee stings! The killer bee stings! Sirius misses the killer bee. The killer bee stings! You die... Do you want your possessions identified? y Do you want to see your attributes? y Do you want an account of creatures vanquished? y Do you want to see your conduct and achievements? y Do you want to see the dungeon overview? y Major events: Turn 1: Moult the chaotic male elven Ranger entered the dungeon 550: entered the Gnomish Mines 2646: entered Sokoban 2834: attained the rank of Lookout (level 3) 3075: completed sokoban 1 3914: completed sokoban 2 4178: killed by a killer bee Inventory: Weapons g - 26 +0 arrows c - 59 +2 elven arrows d - 19 +0 elven arrows (in quiver) b - a +1 elven bow (weapon in hand) h - 7 cursed +1 darts F - a cursed +0 dagger a - a +1 elven dagger (alternate weapon; not wielded) m - a +0 orcish dagger Armor k - an uncursed +0 helm of brilliance (being worn) n - an uncursed +0 orcish helm p - an uncursed +0 pair of iron shoes (being worn) e - an uncursed +2 elven cloak (being worn) B - an uncursed +1 mummy wrapping s - an uncursed +1 leather jacket (being worn) Comestibles C - 3 uncursed food rations f - 4 uncursed lembas wafers Scrolls r - an uncursed scroll of charging E - 2 uncursed scrolls of earth t - an uncursed scroll of gold detection J - a blessed scroll of teleportation Spellbooks z - an uncursed spellbook of confuse monster w - an uncursed spellbook of knock Potions l - an uncursed potion of enlightenment v - a blessed potion of object detection x - an uncursed potion of restore ability u - an uncursed potion of see invisible Rings I - an uncursed ring of cold resistance y - an uncursed ring of fire resistance D - an uncursed ring of see invisible Wands H - a wand of create monster (0:9) A - a wand of undead turning (0:7) Tools q - an uncursed tin whistle j - an uncursed towel o - an uncursed towel Moult the Ranger's attributes: Background: You were a Lookout, a level 3 male elven Ranger. You were chaotic, nominally on a mission for Mars who was opposed by Mercury (lawful) and Venus (neutral). You were in Sokoban, on level 5. You entered the dungeon 4178 turns ago. You had 46 experience points, 34 more were needed to attain level 4. Your score was 616 before end-of-game adjustments. Basics: You had 0 out of 24 hit points. You had all 13 energy points (spell power). Your armor class was 2. Your wallet contained 122 zorkmids. Autopickup was off. Final Characteristics: Your strength was 15 (limit:18). Your dexterity was 12 (limit:18). Your constitution was 15 (limit:16). Your intelligence was 13 (limit:20). Your wisdom was 14 (limit:20). Your charisma was 7 (limit:18). Final Status: You were not hungry. You were unencumbered. You were wielding a bow. You had basic skill with bow. Final Attributes: You were piously aligned. You had automatic searching. You had infravision. You were stealthy. You were warded. You are dead. Miscellaneous: You never encountered a bones level. Total elapsed playing time was 54 minutes and 28 seconds. Vanquished creatures: a wolf a brown pudding a werewolf 2 human zombies a bugbear 2 ponies a kobold mummy a ghoul 2 giant ants a dwarf 2 centipedes a giant bat 2 iguanas 2 acid blobs a coyote 8 giant rats 2 cave spiders 2 yellow molds a red mold 3 gnome zombies 2 geckos a fox 2 kobolds a goblin a sewer rat 7 grid bugs a bat 4 lichens 3 kobold zombies a newt 60 creatures vanquished. No species were genocided or became extinct. Voluntary challenges: You were an atheist. You read items or engraved 19 times. You engraved Elbereth 11 times. You never genocided any monsters. You never polymorphed an object. You never changed form. You used no wishes. You did not violate any of the special Sokoban rules. Achievements: You entered the Gnomish Mines. You entered a shop. You entered Sokoban. You attained the rank of Lookout. The Dungeons of Doom: levels 1 to 7 Level 1: A fountain. Level 2: A general store, a fountain. Stairs down to The Gnomish Mines. Level 3: A sink. Level 4: A fountain, a grave. Level 5: A throne. Level 6: Many fountains. Oracle of Delphi. Level 7: An altar. Stairs up to Sokoban, level 6. The Gnomish Mines: Level 3: Sokoban: levels 6 up to 4 Level 4: Unsolved. Level 5: <- You were here. Solved. Final resting place for you, killed by a killer bee. Level 6: Solved. Game over: ---------- / \ / REST \ / IN \ / PEACE \ / \ | Moult | | 122 Au | | killed by a | | killer bee | | | | | | 2022 | *| * * * | * _________)/\\_//(\/(/\)/\//\/|_)_______ Goodbye Moult the Ranger... You died in Sokoban on dungeon level 5 with 604 points, and 122 pieces of gold, after 4178 moves. You were level 3 with a maximum of 24 hit points when you died.